 Dungeon Crawl Stone Soup version 0.17-a0-1202-g2dd280d (webtiles) character file.

1024 Kisielow the Infuser (level 8, -2/44 HPs)
             Began as a Deep Elf Conjurer on June 3, 2015.
             Shot with an arrow by a centaur (8 damage)
             ... on level 5 of the Dungeon.
             The game lasted 00:22:49 (6287 turns).

Kisielow the Infuser (Deep Elf Conjurer)            Turns: 6287, Time: 00:22:49

Health: -2/44      AC:  9    Str:  6    XL:     8   Next: 2%
Magic:  0/17       EV: 16    Int: 22    God:
Gold:   449        SH:  0    Dex: 15    Spells: 4 memorised, 5 levels left

rFire  . . .     SeeInvis .     q - +1 flail (protect)
rCold  . . .     Clarity  +     a - +1 robe
rNeg   . . .     SustAt   .     (no shield)
rPois  +         Gourm    .     (no helmet)
rElec  .         Spirit   .     (no cloak)
rCorr  .         Warding  .     (no gloves)
rMut   .         Stasis   .     r - +0 pair of boots
MR     .....                    p - amulet of clarity
Stlth  ++........               s - ring of poison resistance
                                y - +3 ring of evasion

@: not resistant to hostile enchantments, unstealthy
A: no striking features
a: no special abilities


You were on level 5 of the Dungeon.
You were near starving.

You visited 1 branch of the dungeon, and saw 5 of its levels.
You also visited: Ossuary.

You collected 449 gold pieces.

Inventory:

Hand weapons
 q - a +1 flail of protection (weapon)
Armour
 a - a +1 robe (worn)
 r - a +0 pair of boots (worn)
Jewellery
 f - an uncursed ring of protection from cold
 j - an uncursed amulet of rage
 p - an amulet of clarity (around neck)
 s - a ring of poison resistance (right hand)
 x - an uncursed ring of protection from cold
 y - a +3 ring of evasion (left hand)
Magical devices
 v - a wand of paralysis (5)
Scrolls
 i - 2 scrolls of remove curse
 m - a scroll of blinking
 A - 2 scrolls of amnesia {unknown}
 B - a scroll of identify
Potions
 d - a potion of lignification
 e - 3 potions of curing
 g - 2 potions of cure mutation {unknown}
 h - 2 potions of invisibility
 k - 3 potions of heal wounds
 n - a potion of might {unknown}
 o - 2 potions of magic {unknown}
 t - 2 potions of poison {unknown}
 u - a potion of agility {unknown}
 w - 2 potions of flight
Books
 b - a book of Conjurations

   Spells                             Type                      Level
   a - Magic Dart                     Conjuration                  1
   b - Searing Ray                    Conjuration                  2
   c - Dazzling Spray                 Conjuration/Hexes            3
   d - Fulminant Prism                Conjuration/Hexes            4
   e - Iskenderun's Mystic Blast      Conjuration                  4
   f - Iskenderun's Battlesphere      Conjuration/Charms           5
Comestibles
 c - 3 bread rations
 l - a fruit
 z - a beef jerky


   Skills:
 + Level 1.7 Fighting
 + Level 3.0 Dodging
 - Level 2.4 Stealth
 * Level 5.0 Spellcasting
 + Level 7.8 Conjurations
 - Level 8.1 Charms


You had 5 spell levels left.
You knew the following spells:

 Your Spells              Type           Power        Failure   Level  Hunger
a - Magic Dart            Conj           ####         1%          1    None
q - Iskenderun's Battles  Conj/Chrm      #####...     12%         5    #####..
s - Searing Ray           Conj           #####.       1%          2    None
z - Iskenderun's Mystic   Conj           #####...     4%          4    ####...


Dungeon Overview and Level Annotations

Branches:
Dungeon (5/15)
 Temple: D:4-7

Altars:
Nemelex Xobeh

Shops:
D:5 *

Annotations:
D:5 Edmund


Message History

Casting: Magic Dart
Confirm with . or Enter, or press ? or * to list all spells.
Aiming: Magic Dart
Press: ? - help, Shift-Dir - straight line, f/p - centaur
Aim: a centaur, wielding a shortbow (severely wounded)
The magic dart hits the centaur.
The centaur is severely wounded.
The centaur shoots an arrow.
The arrow hits you!
* * * LOW HITPOINT WARNING * * *
The centaur shoots an arrow.
The arrow hits you.
* * * LOW HITPOINT WARNING * * *
Casting: Magic Dart
Confirm with . or Enter, or press ? or * to list all spells.
Aiming: Magic Dart
Press: ? - help, Shift-Dir - straight line, f/p - centaur
Aim: a centaur, wielding a shortbow (severely wounded)
The magic dart hits the centaur.
The centaur is severely wounded.
The centaur shoots an arrow.
The arrow hits you!
You die...

#....#.#...
#..###.###.
#.)#.....#
#..#######.
#..≈≈≈≈≈≈≈.
#..#######.
#..#.....#
#..###.###
#..@.#.#
#....# #
###..c.
#......
########


You could see a centaur.

Vanquished Creatures
  2 ice beasts (D:5)
  Blork the orc (D:4)
  A scorpion (D:4)
  2 orc wizards
  2 jellies
  3 hounds (D:4)
  Jessica (D:2)
  An iguana (D:4)
  Natasha (twice) (D:4)
  A worker ant (D:4)
  9 mummies
  Robin (D:3)
  4 gnolls
  6 adders
  3 oozes
  4 worms
  3 giant geckos
  20 orcs
  A gnoll zombie (Ossuary)
  14 hobgoblins
  10 jackals
  7 kobolds
  5 quokkas
  11 bats
  2 giant cockroaches
  A giant gecko skeleton (D:4)
  A giant newt (D:2)
  15 goblins
  2 hobgoblin zombies (Ossuary)
  3 kobold zombies
  4 orc zombies (Ossuary)
  4 rats
146 creatures vanquished.

Notes
Turn   | Place    | Note
--------------------------------------------------------------
     0 | D:1      | Kisielow the Deep Elf Conjurer began the quest for the Orb.
     0 | D:1      | Reached XP level 1. HP: 10/10 MP: 6/6
   362 | D:1      | Reached skill level 5 in Conjurations
   362 | D:1      | Reached XP level 2. HP: 15/15 MP: 2/8
   546 | D:1      | Learned a level 2 spell: Searing Ray
  1044 | D:2      | Reached XP level 3. HP: 19/19 MP: 4/9
  1622 | D:2      | Noticed Jessica
  1626 | D:2      | Killed Jessica
  1626 | D:2      | Reached skill level 6 in Conjurations
  1626 | D:2      | Reached XP level 4. HP: 24/24 MP: 5/10
  2663 | D:3      | Reached skill level 1 in Fighting
  2936 | D:4      | Reached XP level 5. HP: 29/29 MP: 5/13
  3072 | D:4      | Learned a level 5 spell: Iskenderun's Battlesphere
  3078 | D:4      | Reached skill level 1 in Charms
  3104 | D:4      | Noticed Robin
  3303 | D:4      | Noticed Natasha
  3311 | D:4      | Killed Natasha
  3341 | D:4      | Reached XP level 6. HP: 32/34 MP: 0/14
  3346 | D:4      | Found a sand-covered staircase.
  3379 | Ossuary  | Entered an ossuary
  3814 | Ossuary  | Learned a level 4 spell: Iskenderun's Mystic Blast
  4215 | D:4      | Reached skill level 5 in Charms
  4383 | D:4      | Reached skill level 7 in Conjurations
  4422 | D:4      | Noticed Natasha
  4424 | D:4      | Killed Natasha
  4675 | D:4      | Reached XP level 7. HP: 31/38 MP: 2/15
  4743 | D:4      | Noticed Blork the orc
  4746 | D:4      | Killed Blork the orc
  5395 | D:3      | Killed Robin
  5818 | D:5      | Entered Level 5 of the Dungeon
  5826 | D:5      | Reached skill level 8 in Charms
  6037 | D:5      | Paralysed by a kobold for 5 turns
  6141 | D:5      | Found a sparkling altar of Nemelex Xobeh.
  6149 | D:5      | Found Heniann's General Store.
  6250 | D:5      | Reached skill level 5 in Spellcasting
  6250 | D:5      | Reached XP level 8. HP: 42/44 MP: 3/17
  6286 | D:5      | Noticed Edmund
  6287 | D:5      | Shot with an arrow by a centaur

Vault maps used:
D:1:      lightli_arrival_isolated_outpost, item_on_display_a
D:2:      uniq_jessica
D:4:      nicolae_ossuary_entry_giza, uniq_blork_the_orc, uniq_natasha,
          uniq_robin
D:5:      kennysheep_mini, first_bread, serial_shops,
          nicolae_shop_competitors_out_of_business, grunt_decor_cap, uniq_edmund
Ossuary:  ossuary_tomb_3

Action                   |  1- 3 |  4- 6 |  7- 9 || total
-------------------------+-------+-------+-------++-------
Melee: Flail             |       |    20 |     9 ||    29
       Spear             |       |     1 |       ||     1
 Cast: Magic Dart        |    61 |   196 |   107 ||   364
       Searing Ray       |     1 |     7 |       ||     8
       Iskenderun's Myst |       |     2 |     1 ||     3
       Iskenderun's Batt |       |       |     7 ||     7
  Use: Scroll            |     5 |     5 |     4 ||    14
       Potion            |       |       |     2 ||     2
  Eat: Chunk             |     1 |    11 |     4 ||    16
       Beef jerky        |       |       |     1 ||     1
